 Dungeon Crawl Stone Soup version 0.29-a0-297-g7659ce593d (webtiles) character file.

Game seed: 14531362206556546888

235 altcumming the Digger (level 5, 0/40 HPs)
             Began as a Draconian Earth Elementalist on Mar 21, 2022.
             Was a Believer of Elyvilon.
             Slain by an orc
             ... wielding a +0 hand axe
              (5 damage)
             ... on level 3 of the Dungeon.
             The game lasted 00:07:42 (1197 turns).

altcumming the Digger (DrEE)                        Turns: 1197, Time: 00:07:43

Health: 0/40       AC:  5    Str: 10    XL:     5   Next: 76%
Magic:  0/9        EV: 12    Int: 18    God:    Elyvilon [**....]
Gold:   124        SH:  0    Dex: 11    Spells: 6/10 levels left

rFire   . . .      SeeInvis .   q - +1 dagger (protect)
rCold   + . .      Faith    .   (no shield)
rNeg    . . .      Spirit   .   (body armour unavailable)
rPois   .          Reflect  .   (helmet restricted)
rElec   .          Harm     .   (no cloak)
rCorr   .          Rampage  .   (no gloves)
Will    .....                   (no boots)
Stlth   ++........              (no amulet)
HPRegen 0.13/turn               p - ring of protection from cold
MPRegen 0.11/turn               (no ring)

@: brilliant
A: AC +5, unfitting armour, cold-blooded
a: Renounce Religion, Purification, Heal Other


You were on level 3 of the Dungeon.
You worshipped Elyvilon.
Elyvilon was pleased with you.
You visited 1 branch of the dungeon, and saw 3 of its levels.

You collected 124 gold pieces.

Inventory:

Hand Weapons
 i - a +0 short sword
   (You took it off a kobold on level 1 of the Dungeon)
 q - a +1 dagger of protection (weapon)
   (You took it off an orc on level 2 of the Dungeon)
 s - a +0 war axe
   (You found it on level 3 of the Dungeon)
Missiles
 a - 50 stones
 t - 3 poisoned darts
Jewellery
 p - a ring of protection from cold (left hand)
   (You found it on level 2 of the Dungeon)
Scrolls
 f - a scroll of amnesia {unknown}
 j - a scroll of blinking {unknown}
 k - a scroll of brand weapon {unknown}
 l - a scroll of fog {unknown}
 n - a scroll of enchant weapon {unknown}
 o - a scroll of summoning {unknown}
 r - a scroll of identify
Potions
 b - a potion of magic
 d - a potion of berserk rage {unknown}
 h - a potion of haste
 u - a potion of attraction


   Skills:
 - Level 1.0 Fighting
 - Level 2.0 Dodging
 - Level 3.0 Stealth
 - Level 3.0 Spellcasting
 - Level 2.0 Conjurations
 - Level 1.0 Transmutations
 + Level 4.7 Earth Magic


You had 6 spell levels left.
You knew the following spells:

 Your Spells              Type           Power      Damage    Failure   Level
a - Sandblast             Erth           58%        2d13      2%          1
b - Stone Arrow           Conj/Erth      44%        3d9       12%         3

Your spell library contained the following spells:

 Spells                   Type           Power      Damage    Failure   Level
 Passwall                 Tmut/Erth      15%        N/A       8%          2
 Petrify                  Tmut/Erth      19%        N/A       45%         4


Dungeon Overview and Level Annotations

Branches:
Dungeon (3/15)

Altars:
Elyvilon


Innate Abilities, Weirdness & Mutations

Your plain brown scales are hard. (AC +5)
You cannot fit into any form of body armour.
You are cold-blooded and may be slowed by cold attacks.


Message History

Aiming: Sandblast (safe; 3% risk of failure)
Press: ? - help, Shift-Dir - straight line, f/p - kobold brigand
Aim: a kobold brigand, wielding a +0 whip and quivering poisoned darts (74% to hit)
The blast of sand hits the kobold brigand.
The kobold brigand is lightly wounded.
Casting: Sandblast (safe; 3% risk of failure)
Confirm with . or Enter, or press ? or * to list all spells.
Aiming: Sandblast (safe; 3% risk of failure)
Press: ? - help, Shift-Dir - straight line, f/p - kobold brigand
Aim: a kobold brigand, wielding a +0 whip and quivering poisoned darts (lightly wounded, 74% to hit)
The blast of sand hits the kobold brigand!
The kobold brigand is heavily wounded.
The kobold brigand closely misses you.
Casting: Sandblast (safe; 3% risk of failure)
Confirm with . or Enter, or press ? or * to list all spells.
Aiming: Sandblast (safe; 3% risk of failure)
Press: ? - help, Shift-Dir - straight line, f/p - kobold brigand
Aim: a kobold brigand, wielding a +0 whip and quivering poisoned darts (heavily wounded, 74% to hit)
The blast of sand hits the kobold brigand.
The kobold brigand is heavily wounded.
The kobold brigand closely misses you.
Casting: Sandblast (safe; 3% risk of failure)
Confirm with . or Enter, or press ? or * to list all spells.
Aiming: Sandblast (safe; 3% risk of failure)
Press: ? - help, Shift-Dir - straight line, f/p - kobold brigand
Aim: a kobold brigand, wielding a +0 whip and quivering poisoned darts (heavily wounded, 74% to hit)
The blast of sand hits the kobold brigand.
The kobold brigand is severely wounded.
The kobold brigand hits you but does no damage.
Casting: Sandblast (safe; 3% risk of failure)
Confirm with . or Enter, or press ? or * to list all spells.
Aiming: Sandblast (safe; 3% risk of failure)
Press: ? - help, Shift-Dir - straight line, f/p - kobold brigand
Aim: a kobold brigand, wielding a +0 whip and quivering poisoned darts (severely wounded, 74% to hit)
The blast of sand misses the kobold brigand.
The kobold brigand barely misses you.
Casting: Sandblast (safe; 3% risk of failure)
Confirm with . or Enter, or press ? or * to list all spells.
Aiming: Sandblast (safe; 3% risk of failure)
Press: ? - help, Shift-Dir - straight line, f/p - kobold brigand
Aim: a kobold brigand, wielding a +0 whip and quivering poisoned darts (severely wounded, 74% to hit)
The blast of sand misses the kobold brigand.
The kobold brigand closely misses you.
Casting: Sandblast (safe; 3% risk of failure)
Confirm with . or Enter, or press ? or * to list all spells.
Aiming: Sandblast (safe; 3% risk of failure)
Press: ? - help, Shift-Dir - straight line, f/p - kobold brigand
Aim: a kobold brigand, wielding a +0 whip and quivering poisoned darts (severely wounded, 74% to hit)
You miscast Sandblast.
You are very lightly contaminated with residual magic.
Nothing appears to happen.
The kobold brigand misses you.
Unknown command.
You hit the kobold brigand but do no damage.
Your weapon exudes an aura of protection.
The kobold brigand is severely wounded.
The kobold brigand barely misses you.
You closely miss the kobold brigand.
The kobold brigand is severely wounded.
The kobold brigand hits you with a +0 whip!
You barely miss the kobold brigand.
The kobold brigand is severely wounded.
The orc drinks a potion.
The orc seems to speed up.
The kobold brigand hits you with a +0 whip.
* * * LOW HITPOINT WARNING * * *
Unknown command.
Okay, then.
You aren't carrying any items that you can evoke.
Unknown command.
Okay, then.
You barely miss the kobold brigand.
The kobold brigand is severely wounded.
The kobold brigand closely misses you.
You hit the kobold brigand but do no damage.
Your weapon exudes an aura of protection.
You tail-slap the kobold brigand, but do no damage.
The kobold brigand is severely wounded.
The kobold brigand hits you with a +0 whip.
* * * LOW HITPOINT WARNING * * *
You completely miss the kobold brigand.
Your tail-slap misses the kobold brigand.
The kobold brigand is severely wounded.
The kobold brigand misses you.
Your magical contamination has completely faded away.
Casting: Sandblast (safe; 3% risk of failure)
Confirm with . or Enter, or press ? or * to list all spells.
Aiming: Sandblast (safe; 3% risk of failure)
Press: ? - help, Shift-Dir - straight line, f/p - kobold brigand
Aim: a kobold brigand, wielding a +0 whip and quivering poisoned darts (severely wounded, 74% to hit)
The blast of sand hits the kobold brigand.
You kill the kobold brigand!
The orc hits you with a +0 hand axe.
* * * LOW HITPOINT WARNING * * *
Training target 1.0 for Fighting reached!
Your Fighting skill increases to level 1!
Unknown command.
Unknown command.
It was a potion of brilliance.
You feel clever all of a sudden. The orc hits you with a +0 hand axe.
You die...

#.#.##........#....>#
#.#.####..#...###)#.#
#............^......#
############.#...............####
.............)...÷..............P
≈≈≈≈≈≈≈≈≈≈≈....≈)≈≈≈≈≈≈≈≈≈≈≈≈≈≈≈≈
≈≈≈≈≈≈≈≈≈≈≈...)≈≈≈≈≈≈≈≈≈≈≈≈≈≈≈≈≈≈
≈≈≈≈≈≈≈o§≈≈....o≈≈≈≈†≈≈≈≈≈≈#####≈
......gog......)@).........# ..#≈
###########''''############# ..#
#.......#.)..# ..... ###
#.......#[.)§#......
#.)...))'....'......
#)################## #.......#
#o....... #.......K


You could see an orc (fast).

Vanquished Creatures
  A kobold brigand (D:3)
  8 gnolls (D:3)
  2 adders
  2 worms
  A dart slug (D:2)
  7 orcs
  A ball python (D:1)
  4 bats
  6 endoplasms
  3 giant cockroaches
  2 goblins
  3 hobgoblins (D:3)
  4 jackals (D:3)
  2 quokkas
  3 frilled lizards
  4 kobolds
  6 rats
  A spectral kobold (D:1)
60 creatures vanquished.

Notes
Turn   | Place    | Note
-------+----------+-------------------------------------------
     0 | D:1      | altcumming the Draconian Earth Elementalist began the quest
                  | for the Orb.
     0 | D:1      | Reached XP level 1. HP: 14/14 MP: 3/3
   148 | D:2      | Reached XP level 2. HP: 19/20 MP: 2/5
   383 | D:1      | Found a faded altar of an unknown god.
   393 | D:1      | Prayed at the altar of an unknown god.
   393 | D:1      | Became a worshipper of Elyvilon the Healer
   393 | D:1      | Reached * piety under Elyvilon
   475 | D:2      | Reached XP level 3. HP: 26/26 MP: 2/7
   512 | D:2      | Learned a level 3 spell: Stone Arrow
   773 | D:3      | Reached ** piety under Elyvilon
   811 | D:3      | Reached XP level 4. HP: 33/33 MP: 4/8
   827 | D:3      | Noticed a kobold brigand
   832 | D:3      | Reached skill level 1 in Conjurations
  1027 | D:3      | Reached skill level 4 in Earth Magic
  1027 | D:3      | Reached XP level 5. HP: 4/38 MP: 0/9
  1197 | D:3      | Reached skill level 1 in Fighting
  1197 | D:3      | Slain by an orc

Illustrated notes

Levels and vault maps discovered:
D:1:      dpeg_arrival_rooms_b, layout_basic,
          dreamdust_ecumenical_altar_drowned_temple,
          wander_ebering_terrifying_dragon_lair
D:2:      layout_rooms, serial_glass, glass_columns_a, glass_columns_a,
          glass_columns_b, glass_columns_a
D:3:      lemuel_castle_with_subvaults [lemuel_castle_interior_carwin_3],
          layout_basic

Skill      XL: |  1  2  3  4  5 |
---------------+----------------+-----
Spellcasting   | 3 |  3.0
Stealth        | 2 3 |  3.0
Conjurations   | 2 |  2.0
Earth Magic    | 4 |  4.7
Dodging        | 2 |  2.0
Fighting       | 1 |  1.0
Transmutations | |  1.0

Action                   |  1- 3 |  4- 6 || total
-------------------------+-------+-------++-------
Melee: Unarmed           |    14 |       ||    14
       Tailslap          |     6 |     6 ||    12
       Punch             |     1 |     1 ||     2
       Short sword       |     5 |       ||     5
       Dagger            |    34 |    56 ||    90
 Cast: Sandblast         |    43 |    36 ||    79
  Use: Potion            |       |     5 ||     5
       Scroll            |       |     3 ||     3
 Stab: Sleeping          |     3 |       ||     3
Armor: Skin              |    20 |    33 ||    53
Dodge: Dodged            |    39 |    61 ||   100

Table legend: (Time is in decaauts)
 A = Elapsed time spent in this place.
 B = Non-inter-level travel time spent in this place.
 C = Inter-level travel time spent in this place.
 D = Time resting spent in this place.
 E = Time spent auto-exploring this place.
 F = Levels seen in this place.
 G = Mean time per level.
                   A        B        C        D        E       F      G
               +--------+--------+--------+--------+--------+-----+--------+
         Total |   1198 |   1084 |    114 |      0 |      0 |   3 |  399.3 |
       Dungeon |   1198 |   1084 |    114 |      0 |      0 |   3 |  399.3 |
               +--------+--------+--------+--------+--------+-----+--------+

Top non-repeatable levels by time:
     D:3: 580 daAuts
     D:1: 339 daAuts
     D:2: 277 daAuts
